 Dungeon Crawl Stone Soup version 0.27.1 (webtiles) character file.

Game seed: 267052423160249108

12490 pkoi the Grappler (level 11, -1/97 HPs)
             Began as a Troll Fighter on Aug 30, 2021.
             Was a High Priest of the Shining One.
             Slain by an orc warrior (3 damage)
             ... while paralysed by a floating eye
             ... on level 11 of the Dungeon.
             The game lasted 00:14:45 (8788 turns).

pkoi the Grappler (Troll Fighter)                   Turns: 8788, Time: 00:14:45

Health: -1/97      AC:  9    Str: 28    XL:     11   Next: 63%
Magic:  0/10       EV:  1    Int:  5    God:    the Shining One [*****.]
Gold:   818        SH:  0    Dex:  9    Spells: 10/10 levels left

rFire    . . .     SeeInvis .     - Unarmed
rCold    . . .     Faith    .   b - +0 kite shield
rNeg     + + .     Spirit   +   v - +1 steam dragon scales
rPois    .         Reflect  .   (helmet restricted)
rElec    .         Harm     .   z - +0 cloak
rCorr    .         Rampage  .   (gloves unavailable)
Will     .....                  (boots unavailable)
Stlth    ..........             f - amulet of guardian spirit
HPRegen  1.26/turn              a - +4 ring of evasion
MPRegen  0.12/turn              A - +4 ring of evasion

@: paralysed, silenced, glowing, studying Conjurations
A: large, unfitting armour, claws 3, regeneration 1, shaggy fur 1, tough skin 1
a: Renounce Religion


You were on level 11 of the Dungeon.
You worshipped the Shining One.
The Shining One was extremely pleased with you.
You visited 2 branches of the dungeon, and saw 12 of its levels.
You also visited: Sewer and Ossuary.

You collected 818 gold pieces.

Inventory:

Missiles
 r - 6 javelins
 y - 9 boomerangs (quivered)
 I - 8 curare-tipped darts
Armour
 b - a +0 kite shield (worn)
 h - a +0 robe of cold resistance
 v - +1 steam dragon scales (worn)
 z - a +0 cloak (worn)
Jewellery
 a - a +4 ring of evasion (left claw)
 f - an amulet of guardian spirit (around neck)
 k - a ring of protection from fire
 A - a +4 ring of evasion (right claw)
 E - a ring of resist corrosion
 H - a +6 ring of dexterity
 L - a ring of wizardry
Wands
 n - a wand of digging (9)
 q - a wand of iceblast (8)
 B - a wand of paralysis (18)
 G - a wand of charming (6)
Scrolls
 e - 2 scrolls of amnesia
 i - a scroll of fog
 j - 3 scrolls of enchant weapon
 l - a scroll of blinking
 p - 3 scrolls of brand weapon
 K - a scroll of magic mapping
Potions
 c - 3 potions of might
 d - 8 potions of heal wounds {unknown}
 g - 4 potions of magic
 m - a potion of cancellation
 o - a potion of flight
 s - 3 potions of invisibility {unknown}
 t - 6 potions of degeneration {unknown}
 u - 2 potions of mutation {unknown}
 w - 3 potions of brilliance {unknown}
 x - a potion of berserk rage
 D - 3 potions of lignification
 F - 2 potions of haste {unknown}
 J - a potion of attraction {unknown}
 M - a potion of ambrosia {unknown}


   Skills:
 + Level 3.1 Fighting
 - Level 1.5 Armour
 + Level 3.1 Dodging
 + Level 9.2 Shields
 * Level 14.4 Unarmed Combat


You had 10 spell levels left.
You didn't know any spells.
Your spell library contained the following spells:

 Spells                   Type           Power      Damage    Failure   Level
 Animate Skeleton         Necr           0%         N/A       47%         1
 Apportation              Tloc           0%         N/A       47%         1
 Beastly Appendage        Tmut           0%         N/A       47%         1
 Corona                   Hex            0%         N/A       47%         1
 Foxfire                  Conj/Fire      0%         2x1d4     47%         1
 Summon Small Mammal      Summ           0%         N/A       47%         1
 Wereblood                Tmut           0%         N/A       63%         2
 Call Canine Familiar     Summ           0%         N/A       85%         3
 Conjure Flame            Conj/Fire      0%         6-21      85%         3
 Inner Flame              Hex/Fire       0%         N/A       85%         3
 Spider Form              Tmut/Pois      0%         N/A       85%         3
 Stone Arrow              Conj/Erth      0%         3d7       85%         3
 Summon Guardian Golem    Hex/Summ       0%         N/A       85%         3
 Animate Armour           Summ/Erth      0%         N/A       99%         4
 Bolt of Magma            Conj/Fire/Erth 0%         4d4       100%        5
 Lehudib's Crystal Spear  Conj/Erth      0%         10d2      100%        8
 Shatter                  Erth           0%         3d5*      100%        9


Dungeon Overview and Level Annotations

Branches:
Dungeon (11/15)            Temple (1/1) D:7            Lair (0/6) D:9
    Orc (0/2) D:9           Sewer (visited)         Ossuary (visited)

Altars:
Ashenzari
Cheibriados
Dithmenos
Elyvilon
Fedhas
Gozag
Hepliaklqana
Kikubaaqudgha
Makhleb
Nemelex Xobeh
Okawaru
Qazlal
Ru
Sif Muna
Trog
Uskayaw
Vehumet
Wu Jian
Xom
Yredelemnul
Zin
The Shining One

Shops:
D:10 (

Annotations:
D:8 2 transporters, RatsInWalls's ghost, novice HOMo


Innate Abilities, Weirdness & Mutations

You are too large for most types of armour.
You have claws for hands.
Your natural rate of healing is unusually fast.
You are covered in fur. (AC +1)
You have tough skin. (AC +1)


Message History

Okay, then.
Unknown command.
Unknown command.
As you read the scroll of silence, it crumbles to dust.
A profound silence engulfs you.
You block the kobold demonologist's attack.
The orc warrior hits you with a +0 battleaxe!
* * * LOW HITPOINT WARNING * * *
The shadow imp hits you but does no damage.
The shadow imp gestures at you. Pain shoots through your body!
* * * LOW HITPOINT WARNING * * *
You claw the kobold demonologist!
The kobold demonologist is moderately wounded.
The kobold demonologist barely misses you.
The floating eye gazes piercingly through you!
You suddenly lose the ability to move!
The orc warrior hits you with a +0 battleaxe!
* * * LOW HITPOINT WARNING * * *
The shadow imp hits you.
* * * LOW HITPOINT WARNING * * *
The shadow imp gestures at you. Pain shoots through your body!
* * * LOW HITPOINT WARNING * * *
The kobold demonologist hits you but does no damage.
The orc warrior hits you with a +0 battleaxe.
* * * LOW HITPOINT WARNING * * *
The shadow imp hits you.
* * * LOW HITPOINT WARNING * * *
The shadow imp gestures at you.
You struggle to resist.
The kobold demonologist hits you but does no damage.
The floating eye seems to glare at you.
The orc warrior hits you with a +0 battleaxe.
* * * LOW HITPOINT WARNING * * *
The shadow imp hits you but does no damage. x2
The kobold demonologist hits you with a +0 dagger.
The Shining One protects you from harm!
The orc warrior hits you with a +0 battleaxe.
You die...

##....†........#
#....G..oT.....##'
#..#.#.#.#........
#.#########)......
#..# #TG†.......
#T## #.##....##.
#Go# # ..##+#
#o##c# #o...
##@KhD# .....
#55#########....
#...#.#.#.#....
#.............
#.#........#
#..........#
###........#
#...#....#
#...#....#


You could see a kobold demonologist, a troll, an orc warrior, an acid dragon, a
centaur, a howler monkey, a floating eye (charged), an orc priest and 2 shadow
imps.

Vanquished Creatures
  4 two-headed ogres
  Pikel (D:6)
  A cyclops (D:11)
  Joseph (D:7)
  2 gargoyles
  Maggie (D:6)
  2 trolls (D:11)
  A hornet (D:7)
  A meliai zombie (D:11)
  A shadow (D:11)
  A wraith (D:11)
  9 yaks (D:10)
  5 vampire mosquitoes
  2 steam dragons
  An acid dragon (D:11)
  Duvessa (D:6)
  2 water moccasins (D:7)
  An ice beast (D:8)
  2 orc warriors
  A sky beast (D:8)
  2 black bears
  A necrophage (D:7)
  5 centaurs
  A hornet zombie (D:6)
  An ogre (D:4)
  2 kobold brigands (D:8)
  A lemure (D:6)
  A bullfrog (D:7)
  3 scorpions (D:4)
  A wyvern zombie (D:7)
  Dowan (D:6)
  A wyvern skeleton (D:7)
  5 killer bees (D:9)
  5 wights (D:6)
  An electric eel (D:8)
  7 howler monkeys
  2 bullfrog zombies (D:6)
  A gnoll shaman (D:5)
  8 centaur zombies
  A centaur skeleton (D:4)
  2 hounds
  A jelly (D:2)
  2 orc priests
  4 iguanas
  3 orc wizards
  3 killer bee zombies
  A human simulacrum (D:9)
  A hound zombie (D:5)
  A hound skeleton (D:5)
  2 howler monkey zombies (D:8)
  2 mummies (Ossuary)
  8 gnolls (D:5)
  7 adders
  4 river rats (Sewer)
  2 white imps (D:7)
  3 ufetubi
  An adder zombie (D:4)
  An adder skeleton (D:4)
  4 worms
  2 dart slugs
  14 orcs
  8 ball pythons
  4 bats
  5 endoplasms
  2 giant cockroaches (D:1)
  3 gnoll zombies (Ossuary)
  4 goblins
  13 hobgoblins
  5 jackals
  3 quokkas
  2 frilled lizards (D:3)
  3 goblin zombies (Ossuary)
  3 hobgoblin zombies (Ossuary)
  30 kobolds
  4 orc zombies (Ossuary)
  22 rats
269 creatures vanquished.

Vanquished Creatures (others)
  A human simulacrum (D:9)
  8 fungi (D:4)
  10 plants
19 creatures vanquished.

Grand Total: 288 creatures vanquished

Notes
Turn   | Place    | Note
-------+----------+-------------------------------------------
     0 | D:1      | pkoi the Troll Fighter began the quest for the Orb.
     0 | D:1      | Reached XP level 1. HP: 22/22 MP: 0/0
    78 | D:1      | Reached XP level 2. HP: 29/29 MP: 1/1
   307 | D:1      | Reached skill level 3 in Unarmed Combat
   760 | D:2      | Reached XP level 3. HP: 36/36 MP: 2/2
   978 | D:2      | Reached XP level 4. HP: 44/44 MP: 3/3
  1026 | D:2      | Reached skill level 4 in Unarmed Combat
  1623 | D:3      | Found a faded altar of an unknown god.
  1755 | D:3      | Found a bloodstained altar of Trog.
  1755 | D:3      | Found an ancient bone altar of Kikubaaqudgha.
  1763 | D:3      | Found an opulent altar of Gozag.
  1763 | D:3      | Found a glowing golden altar of the Shining One.
  1763 | D:3      | Found a hazy altar of Hepliaklqana.
  1764 | D:3      | Found an ornate altar of the Wu Jian Council.
  1784 | D:3      | Became a worshipper of the Shining One
  1899 | D:4      | Noticed an ogre
  1910 | D:4      | Killed an ogre
  1911 | D:4      | Reached skill level 5 in Unarmed Combat
  1911 | D:4      | Reached XP level 5. HP: 40/50 MP: 2/4
  1943 | D:4      | Found a burning altar of Makhleb.
  1943 | D:4      | Noticed a balrug
  1987 | D:4      | Reached XP level 6. HP: 59/59 MP: 5/5
  2039 | D:4      | Reached skill level 6 in Unarmed Combat
  2230 | D:4      | Found a snail-covered altar of Cheibriados.
  2233 | D:4      | Found a shadowy altar of Dithmenos.
  2237 | D:4      | Found a glowing silver altar of Zin.
  2326 | D:4      | Reached XP level 7. HP: 65/66 MP: 6/6
  2576 | D:5      | Entered Level 5 of the Dungeon
  2781 | D:5      | Reached skill level 7 in Unarmed Combat
  2858 | D:5      | Found a glowing drain.
  2887 | Sewer    | Entered a sewer
  2896 | Sewer    | Reached * piety under the Shining One
  3701 | D:5      | Reached XP level 8. HP: 74/74 MP: 7/7
  3809 | D:6      | Reached skill level 8 in Unarmed Combat
  3812 | D:6      | Noticed Pikel
  3824 | D:6      | Killed Pikel
  3825 | D:6      | Reached skill level 5 in Shields
  3825 | D:6      | Reached skill level 9 in Unarmed Combat
  3869 | D:6      | Reached ** piety under the Shining One
  3869 | D:6      | Noticed Maggie
  3886 | D:6      | Killed Maggie
  3927 | D:6      | Found a sand-covered staircase.
  3931 | Ossuary  | Entered an ossuary
  3973 | Ossuary  | Reached XP level 9. HP: 80/80 MP: 8/8
  3989 | Ossuary  | Reached *** piety under the Shining One
  4101 | D:6      | Reached skill level 10 in Unarmed Combat
  4369 | D:6      | Noticed Duvessa
  4369 | D:6      | Noticed Dowan
  4377 | D:6      | Killed Duvessa
  4387 | D:6      | Killed Dowan
  4479 | D:7      | Reached **** piety under the Shining One
  4551 | D:7      | Paralysed by a hornet for 1 turns
  4699 | D:7      | Noticed Joseph
  4717 | D:7      | Paralysed by Joseph for 4 turns
  4725 | D:7      | Killed Joseph
  4726 | D:7      | Reached skill level 11 in Unarmed Combat
  4940 | D:7      | Found a staircase to the Ecumenical Temple.
  4959 | Temple   | Entered the Ecumenical Temple
  5500 | D:8      | Found a shimmering altar of Xom.
  5515 | D:8      | Found a shimmering blue altar of Sif Muna.
  5538 | D:8      | Reached XP level 10. HP: 77/88 MP: 7/9
  5681 | D:8      | Reached skill level 12 in Unarmed Combat
  5739 | D:8      | Identified the +1 dagger of Honour {vorpal, rC+ rN+}
  5807 | D:8      | Found a hide-covered altar of Uskayaw.
  5852 | D:8      | Found a transporter.
  5862 | D:8      | Noticed RatsInWalls's ghost (novice HOMo)
  5919 | D:8      | Noticed a gargoyle
  5935 | D:8      | Killed a gargoyle
  6097 | D:8      | Found a transporter.
  6297 | D:9      | Found a staircase to the Lair.
  6450 | D:9      | Found a staircase to the Orcish Mines.
  6923 | D:10     | Entered Level 10 of the Dungeon
  7115 | D:10     | Reached skill level 13 in Unarmed Combat
  7142 | D:10     | Found Vituit's Weapon Boutique.
  7719 | D:10     | Noticed a two-headed ogre
  7719 | D:10     | Reached ***** piety under the Shining One
  7724 | D:10     | Killed a two-headed ogre
  7725 | D:10     | Reached XP level 11. HP: 88/94 MP: 8/10
  8236 | D:11     | Noticed a two-headed ogre
  8244 | D:11     | Killed a two-headed ogre
  8245 | D:11     | Noticed a two-headed ogre
  8300 | D:11     | Killed a two-headed ogre
  8301 | D:11     | Reached skill level 14 in Unarmed Combat
  8694 | D:11     | Noticed a two-headed ogre
  8705 | D:11     | Killed a two-headed ogre
  8706 | D:11     | Reached skill level 1 in Armour
  8762 | D:11     | Paralysed by a floating eye for 2 turns
  8779 | D:11     | Paralysed by a floating eye for 4 turns
  8784 | D:11     | Paralysed by a floating eye for 4 turns
  8787 | D:11     | HP: 1/97 [orc warrior (5)]
  8787 | D:11     | The Shining One protects you from harm!
  8788 | D:11     | Slain by an orc warrior

Illustrated notes

Levels and vault maps discovered:
D:1:      dpeg_arrival_arbitrary_a, layout_loops_ring
D:2:      layout_basic
D:3:      layout_rooms, minitemple, hellmonk_ecumenical_altar_heavens_door
D:4:      layout_rooms, makhleb_altar_promises_db,
          grunt_temple_overflow_diamond, serial_aquarium,
          aquarium_bridge_straight [aquarium_subvault_bridge,
          aquarium_subvault_wall, aquarium_subvault_bridge,
          aquarium_subvault_wall], aquarium_bridge_square
          [aquarium_subvault_wall, aquarium_subvault_bridge,
          aquarium_subvault_bridge, aquarium_subvault_wall], aquarium_window_1,
          aquarium_window_fake, aquarium_window_fake, aquarium_window_fake,
          aquarium_view_4
D:5:      layout_loops_cross, cheibrodos_sewer_entry_bend, serial_bayou_ford_a,
          minivault_27
D:6:      layout_rooms, lightli_ossuary_entry_decrepit_ruins,
          hangedman_decor_diamond_cutter, uniq_duvessa, uniq_maggie, uniq_pikel
D:7:      layout_basic, minmay_temple_entry_drinking_statues,
          minmay_manual_mares, uniq_joseph
D:8:      statuecave_lemuel, layout_basic, kennysheep_little_box,
          mainiacjoe_overflow_catwalk_spiral, gammafunk_ghost_gnarly_gnolls,
          kennysheep_generic_room_16
D:9:      cheibrodos_elevator_heist, layout_loops_ring, dpeg_oklobed_lair,
          bh_circular_ruins
D:10:     layout_grid_maze, serial_shops, nicolae_diamond_shop
D:11:     layout_stronghold, onia_ninara_cookie
Temple:   nicolae_temple_figure_zero

Skill      XL: |  1  2  3  4  5  6  7  8  9 10 11 |
---------------+----------------------------------+-----
Unarmed Combat | 3 5 6 7 9 11 13 14 | 14.4
Shields        | 3 4 6 7 8 9 |  9.2
Armour         | 1 |  1.5
Fighting       | 3 |  3.1
Dodging        | 3 |  3.1

Action                   |  1- 3 |  4- 6 |  7- 9 | 10-12 || total
-------------------------+-------+-------+-------+-------++-------
Melee: Unarmed           |    65 |   108 |   282 |   247 ||   702
Throw: Javelin           |       |       |       |     6 ||     6
       Boomerang         |       |       |       |     2 ||     2
Invok: Divine Shield     |       |       |       |     1 ||     1
  Use: Scroll            |     3 |     2 |     9 |     6 ||    20
 Stab: Sleeping          |     2 |       |       |       ||     2
Armor: Robe              |    30 |    21 |    26 |       ||    77
       Steam dragon scal |       |       |    18 |    62 ||    80
Dodge: Dodged            |    18 |    58 |   143 |   143 ||   362
Block: Kite shield       |    25 |    48 |   139 |   128 ||   340
